 Dungeon Crawl Stone Soup version 0.29-a0-1016-g236c7fd91e (webtiles) character file.

Game seed: 1373965555682042505

732 drpainis the Sneak (level 7, -1/33 HPs)
             Began as a Spriggan Enchanter on Aug 9, 2022.
             Slain by a lemure (4 damage)
             ... led by Pikel
             ... on level 5 of the Dungeon.
             The game lasted 00:07:43 (5533 turns).

drpainis the Sneak (Spriggan Enchanter)             Turns: 5533, Time: 00:07:43

Health: -1/33      AC:  2    Str:  4    XL:     7   Next: 45%
Magic:  13/13      EV: 20    Int: 18    God:
Gold:   196        SH:  0    Dex: 22    Spells: 4/12 levels left

rFire   . . .      SeeInvis +   o - +8 falchion "Guloof" {drain, Dex+6}
rCold   . . .      Faith    .   (no shield)
rNeg    . . .      Spirit   .   b - +0 robe
rPois   .          Reflect  .   (helmet restricted)
rElec   .          Harm     .   (no cloak)
rCorr   .          Rampage  .   (gloves unavailable)
Will    +....                   (boots unavailable)
Stlth   ++........              q - amulet of magic regeneration
HPRegen 0.11/turn               r - ring of wizardry
MPRegen 0.53/turn               t - +4 ring of slaying

@: confused, invisible, very quick
A: very small, no large weapons, unfitting armour, see invisible, speed 3
a: no special abilities


You were on level 5 of the Dungeon.
You visited 1 branch of the dungeon, and saw 5 of its levels.

You collected 196 gold pieces.

Inventory:

Hand Weapons
 a - a +1 dagger
 o - the +8 falchion "Guloof" (weapon) {drain, Dex+6}
   (You found it on level 2 of the Dungeon)

   A truly terrible weapon, it drains the life of any living foe it strikes.
   Dex:       It affects your dexterity (+6).
 x - a +1 dagger of venom
Armour
 b - a +0 robe (worn)
Jewellery
 q - an amulet of magic regeneration (around neck)
 r - a ring of wizardry (left hand)
 t - a +4 ring of slaying (right hand)
Wands
 m - a wand of acid (8)
 s - a wand of iceblast (22)
Scrolls
 e - a scroll of amnesia {unknown}
 f - 2 scrolls of immolation {unknown}
 g - 2 scrolls of fog
 h - a scroll of enchant armour {unknown}
 i - 3 scrolls of identify
 j - a scroll of fear {unknown}
 n - 2 scrolls of silence
 v - 2 scrolls of magic mapping {unknown}
 y - 3 scrolls of vulnerability {unknown}
 z - a scroll of summoning {unknown}
Potions
 c - 3 potions of invisibility
 d - 2 potions of brilliance {unknown}
 k - 2 potions of flight {unknown}
 l - 2 potions of heal wounds
 p - 3 potions of lignification {unknown}
 u - a potion of magic {unknown}
 w - 2 potions of mutation {unknown}
 A - 2 potions of curing {unknown}
 B - 2 potions of haste {unknown}


   Skills:
 + Level 1.6 Fighting
 + Level 2.4(3.7) Short Blades
 + Level 3.2(3.4) Long Blades
 + Level 5.0 Dodging
 + Level 7.8 Stealth
 + Level 3.4 Spellcasting
 + Level 4.8 Hexes
 + Level 0.7 Ice Magic


You had 4 spell levels left.
You knew the following spells:

 Your Spells              Type           Power      Damage    Failure   Level
a - Ensorcelled Hibernat  Hex/Ice        26%        N/A       3%          2
b - Confusing Touch       Hex            20%        N/A       2%          3
c - Tukima's Dance        Hex            20%        N/A       2%          3

Your spell library contained the following spells:

 Spells                   Type           Power      Damage    Failure   Level
 Dazzling Flash           Conj/Hex       22%        N/A       7%          3
 Conjure Flame            Conj/Fire      3%         6-21      19%         3
 Ignite Poison            Fire/Tmut/Pois 3%         N/A       19%         3
 Sticky Flame             Conj/Fire      3%         2d3       50%         4
 Yara's Violent Unravell  Hex/Tmut       5%         3d4       52%         5
 Enfeeble                 Hex            10%        N/A       99%         7


Dungeon Overview and Level Annotations

Branches:
Dungeon (5/15)
 Temple: D:4-7

Altars:
Fedhas
Yredelemnul

Shops:
D:2 *   D:4 :

Annotations:
D:5 Pikel


Innate Abilities, Weirdness & Mutations

You are very small and have problems with some larger weapons.
You are too small for most types of armour.
You have supernaturally acute eyesight. (SInv)
You cover ground extremely quickly. (Speed+++)


Message History

You're too confused to move!
The lemure completely misses you. The lemure barely misses you.
You feel less confused.
Unknown command.
You fade into invisibility!
Pikel hits you with a +2 whip of freezing.
Pikel freezes you.
You slash Pikel!
Pikel is moderately wounded.
The lemure closely misses you. x2; The lemure barely misses you.
Pikel barely misses you.
You hit Pikel. You drain Pikel.
Pikel is severely wounded.
The lemure closely misses you. The lemure misses you.
The lemure closely misses you.
Pikel zaps a wand.
Your will is overpowered!
You are confused.
The lemure closely misses you. The lemure barely misses you.
You slash the lemure!
The lemure is heavily wounded.
The lemure barely misses you. The lemure hits you! Pikel barely misses you.
You closely miss Pikel.
Pikel is severely wounded.
The lemure completely misses you. The lemure barely misses you.
The lemure closely misses you. Pikel barely misses you.
You bump into the rock wall.
The lemure closely misses you.
Pikel zaps a wand.
Your will is overpowered!
You are more confused.
The lemure barely misses you. x2
You're too confused to move!
The lemure barely misses you. Pikel misses you.
The lemure completely misses you. The lemure hits you!
You hit Pikel but do no damage. You drain Pikel.
Pikel is severely wounded.
The lemure closely misses you. x2; The lemure hits you!
* * * LOW HITPOINT WARNING * * *
Pikel barely misses you. The lemure completely misses you.
The lemure barely misses you. The lemure completely misses you.
Pikel zaps a wand.
The lemure resists with some effort.
You completely miss the lemure. The lemure hits you.
You die...

#.........# #.........#
#.........# #.........#
#.........# #..
#.......).#######..
#......).K....##.# ##
#......!555...##.####.#
#...?.....@...##......#
#.....###'#####...#.#.####
####### #.## ##...#......#
#..###..........#
##.#รท......#..####
#..###..#.......#
##)###..#.......#
#..##..........#
##>##..........#


You could see Pikel (unable to see you, drained) and 3 lemures.

Vanquished Creatures
  Eustachio (D:5)
  A black bear (D:5)
  A lemure (D:4)
  A phantom (D:5)
  3 scorpions
  An orc priest (D:5)
  2 iguanas
  4 adders
  A shadow imp (D:5)
  A white imp (D:5)
  3 worms (D:3)
  3 dart slugs
  11 orcs
  7 endoplasms
  2 giant cockroaches
  13 goblins
  11 hobgoblins
  5 jackals
  2 quokkas
  7 ball pythons
  5 bats
  2 frilled lizards (D:1)
  5 kobolds
  5 rats
97 creatures vanquished.

Notes
Turn   | Place    | Note
-------+----------+-------------------------------------------
     0 | D:1      | drpainis the Spriggan Enchanter began the quest for the
                  | Orb.
     0 | D:1      | Reached XP level 1. HP: 9/9 MP: 5/5
   437 | D:1      | Reached XP level 2. HP: 13/13 MP: 6/6
   445 | D:1      | Learned a level 2 spell: Ensorcelled Hibernation
  1396 | D:1      | Reached XP level 3. HP: 16/16 MP: 8/8
  1768 | D:2      | Found Penuv's General Store.
  1835 | D:2      | Identified the +8 falchion "Guloof" {drain, Dex+6}
  1843 | D:2      | Found a basalt altar of Yredelemnul.
  2283 | D:2      | Noticed a scorpion
  2292 | D:2      | Killed a scorpion
  2293 | D:2      | Reached skill level 5 in Stealth
  2293 | D:2      | Reached XP level 4. HP: 14/21 MP: 9/9
  2779 | D:3      | Learned a level 3 spell: Confusing Touch
  2783 | D:3      | Learned a level 3 spell: Tukima's Dance
  3144 | D:3      | Reached XP level 5. HP: 24/25 MP: 10/10
  3815 | D:4      | Reached skill level 1 in Long Blades
  3944 | D:4      | Found Suoma's Book Boutique.
  3953 | D:4      | Reached skill level 6 in Stealth
  4336 | D:4      | Reached XP level 6. HP: 29/29 MP: 11/11
  4525 | D:4      | Found a blossoming altar of Fedhas.
  4766 | D:5      | Entered Level 5 of the Dungeon
  4768 | D:5      | Noticed Pikel
  4770 | D:5      | Reached skill level 1 in Fighting
  4772 | D:5      | Noticed Eustachio
  5293 | D:5      | Reached skill level 7 in Stealth
  5422 | D:5      | Reached XP level 7. HP: 33/33 MP: 12/12
  5461 | D:5      | Killed Eustachio
  5462 | D:5      | Reached skill level 5 in Dodging
  5533 | D:5      | Slain by a lemure

Illustrated notes

Levels and vault maps discovered:
D:1:      wander_arrival_desolate, layout_basic, minmay_domino_4
D:2:      layout_loops_ring, basic_altar, serial_shops, nicolae_shop_crystal
D:3:      layout_loops_corners, minmay_misc_feat_diagonals
D:4:      layout_rooms, kennysheep_mini, serial_shops, nicolae_shop_statue_plus,
          patterned_corridor
D:5:      layout_basic, uniq_sigmund, uniq_eustachio, uniq_pikel

Skill      XL: |  1  2  3  4  5  6  7 |
---------------+----------------------+-----
Hexes          | 4 |  4.8
Dodging        | 3 4 5 |  5.0
Short Blades   | 2 |  2.4
Stealth        | 5 6 7 |  7.8
Long Blades    | 1 2 3 |  3.2
Fighting       | 1 |  1.6
Spellcasting   | 3 |  3.4
Ice Magic      | |  0.7

Action                   |  1- 3 |  4- 6 |  7- 9 || total
-------------------------+-------+-------+-------++-------
Melee: Dagger            |   109 |       |       ||   109
       Punch             |     2 |     1 |       ||     3
       Falchion          |    15 |    83 |    17 ||   115
 Cast: Ensorcelled Hiber |       |     7 |     7 ||    14
       Confusing Touch   |       |     2 |     2 ||     4
  Use: Scroll            |       |     3 |       ||     3
       Potion            |       |     1 |     2 ||     3
 Stab: Sleeping          |    10 |    19 |     3 ||    32
       Distracted        |     1 |     1 |       ||     2
       Confused          |       |     1 |       ||     1
Armor: Robe              |     6 |     3 |       ||     9
Dodge: Dodged            |   100 |    51 |    37 ||   188

Table legend: (Time is in decaauts)
 A = Elapsed time spent in this place.
 B = Non-inter-level travel time spent in this place.
 C = Inter-level travel time spent in this place.
 D = Time resting spent in this place.
 E = Time spent auto-exploring this place.
 F = Levels seen in this place.
 G = Mean time per level.
                   A        B        C        D        E       F      G
               +--------+--------+--------+--------+--------+-----+--------+
         Total |   4358 |   4300 |     58 |   1776 |   1667 |   5 |  871.6 |
       Dungeon |   4358 |   4300 |     58 |   1776 |   1667 |   5 |  871.6 |
               +--------+--------+--------+--------+--------+-----+--------+

Top non-repeatable levels by time:
     D:4: 1162 daAuts
     D:1: 1143 daAuts
     D:2: 963 daAuts
     D:3: 795 daAuts
     D:5: 294 daAuts
